 Dungeon Crawl Stone Soup version 0.30-a0-557-ge2afbf3030 (webtiles) character file.

Game seed: 3108861435481939352

4567 Shayle the Nimble (level 10, 0/96 HPs)
             Began as a Tengu Reaver on Dec 27, 2022.
             Was a Believer of Kikubaaqudgha.
             Succumbed to a gnoll sergeant's poison
             ... on level 7 of the Dungeon.
             The game lasted 00:24:30 (7474 turns).

Shayle the Nimble (Tengu Reaver)                    Turns: 7474, Time: 00:24:31

Health: 0/96       AC: 32    Str: 18    XL:     10   Next: 40%
Magic:  16/16      EV:  2    Int: 17    God:    Kikubaaqudgha [**....]
Gold:   440        SH:  0    Dex: 14    Spells: 3/16 levels left

rFire   . . .      SeeInvis .    j - +2 flail (protect)
rCold   . . .      Faith    .    q - +1 kite shield
rNeg    . . .      Spirit   .    (body armour currently unavailable)
rPois   +          Reflect  +    (helmet currently unavailable)
rElec   .          Harm     .    (cloak currently unavailable)
rCorr   .          Rampage  .    (gloves currently unavailable)
Will    .....      NoTele   +    (boots unavailable)
Stlth   +                        i - amulet of reflection
HPRegen 0.36/turn                x - +6 ring of strength
MPRegen 0.15/turn                (no ring)

@: confused, lethally poisoned (0 -> -16), tree-form, ambrosia-drunk, under a
protective aura
A: stationary, stasis, torment immunity, boosted hp, (beak), (talons 3), nimble
flight
a: Renounce Religion, Unearth Wretches


You were on level 7 of the Dungeon.
You worshipped Kikubaaqudgha.
Kikubaaqudgha was pleased with you.
You were a tree.
You visited 2 branches of the dungeon, and saw 11 of its levels.
You also visited: Ossuary.

You collected 440 gold pieces.

Inventory:

Hand Weapons
 a - a +0 spear of venom
 j - a +2 flail of protection (weapon)
 s - a +1 morningstar of flaming
 u - a +4 flail of draining
Missiles
 C - a throwing net
Armour
 b - a +0 leather armour
 g - a +3 ring mail
 n - a +2 pair of gloves (melded)
 q - a +1 kite shield (worn)
 G - +0 steam dragon scales (melded)
Jewellery
 d - a ring of magical power
 i - an amulet of reflection (around neck)
 x - a +6 ring of strength (left branch)
Wands
 c - a wand of flame (4)
 h - a wand of digging (5)
 m - a wand of charming (4)
 F - a wand of quicksilver (3)
Scrolls
 e - 3 scrolls of immolation
 f - a scroll of noise {unknown}
 o - a scroll of teleportation
 t - a scroll of enchant weapon {unknown}
 w - a scroll of magic mapping {unknown}
 y - 3 scrolls of vulnerability
 A - a scroll of amnesia {unknown}
 E - a scroll of poison {unknown}
Potions
 k - 2 potions of ambrosia
 l - a potion of cancellation {unknown}
 p - 3 potions of berserk rage
 r - a potion of resistance
 z - 2 potions of lignification
 B - a potion of heal wounds {unknown}
 D - 2 potions of haste


   Skills:
 + Level 7.7 Fighting
 - Level 3.2 Polearms
 + Level 8.5 Dodging
 - Level 7.0 Stealth
 + Level 6.5 Shields
 + Level 3.7 Spellcasting
 - Level 4.0 Conjurations
 + Level 0.2 Summonings
 + Level 3.5 Necromancy


You had 3 spell levels left.
You knew the following spells:

 Your Spells              Type           Power      Damage    Failure   Level
a - Kiss of Death         Conj/Necr      64%        2d10      9%          1
b - Necrotise             Necr           60%        1d7       10%         1
c - Animate Dead          Necr           15%        N/A       67%         4
d - Haunt                 Necr/Summ      4%         N/A       100%        7

Your spell library contained the following spells:

 Spells                   Type           Power      Damage    Failure   Level
 Magic Dart               Conj           64%        1d6       9%          1
 Momentum Strike          Conj/Tloc      20%        3d8       28%         2
 Cigotuvi's Dreadful Rot  Necr/Pois/Air  14%        N/A       36%         2
 Call Imp                 Summ           4%         N/A       50%         2
 Hailstorm                Conj/Ice       10%        3d5       50%         3
 Mephitic Cloud           Conj/Pois/Air  7%         N/A       58%         3
 Portal Projectile        Hex/Tloc       6%         N/A       77%         3
 Tukima's Dance           Hex            3%         N/A       77%         3
 Manifold Assault         Tloc           3%         N/A       99%         4
 Blade Hands              Tmut           1%         N/A       100%        5
 Summon Forest            Summ/Tloc      1%         N/A       100%        5
 Dispersal                Tloc           1%         N/A       100%        6
 Eringya's Noxious Bog    Tmut/Pois      1%         N/A       100%        6
 Summon Hydra             Summ           2%         N/A       100%        7
 Disjunction              Tloc           1%         N/A       100%        8
 Infestation              Necr           7%         N/A       100%        8


Dungeon Overview and Level Annotations

Branches:
Dungeon (10/15)            Temple (1/1) D:4         Ossuary (visited)
   Lair: D:8-11         Orc: D:9-12

Altars:
Gozag
Kikubaaqudgha
Okawaru
Qazlal
Ru
Trog
Wu Jian
Yredelemnul
Zin
The Shining One
Jiyva

Annotations:
D:5 2 transporters
D:7 2 transporters


Innate Abilities, Weirdness & Mutations

You are a tree.
Your roots penetrate the ground, keeping you stationary.
You cannot be teleported.
You are immune to unholy pain and torment.
Your maximum health is greatly increased.
Your equipment is partially melded.
((You have a beak for a mouth.))
((You have claws for feet.))
Your magical nature lets you fly swiftly and evasively.


Message History

Your peck misses the gnoll sergeant.
The gnoll sergeant is almost dead.
You feel extremely sick.
The gnoll sergeant completely misses you.
You hit the gnoll sergeant but do no damage.
Your kick misses the gnoll sergeant.
The gnoll sergeant is almost dead.
You feel extremely sick. The gnoll sergeant closely misses you.
The gnoll sergeant hits you but does no damage.
You are more poisoned.
The gnoll sergeant blocks your attack.
You claw the gnoll sergeant.
The gnoll sergeant is almost dead.
* * * LOW HITPOINT WARNING * * *
You feel extremely sick.
The gnoll sergeant hits you with a +2 spear of venom.
* * * LOW HITPOINT WARNING * * *
You are more poisoned.
Really quaff the potion of lignification?
You turn into a tree.
Your +2 pair of gloves melds into your body.
Your +0 steam dragon scales melds into your body.
Your roots penetrate the ground.
* * * LOW HITPOINT WARNING * * *
You feel very sick.
The gnoll sergeant hits you but does no damage.
You are more poisoned.
You hit the gnoll sergeant.
You kill the gnoll sergeant!
Kikubaaqudgha accepts your kill.
* * * LOW HITPOINT WARNING * * *
You feel extremely sick.
Your life force feels restored.
Okay, then.
You are confused.
You feel invigorated.
* * * LOW HITPOINT WARNING * * *
You feel very sick.
You die...
Kikubaaqudgha rasps: "You have failed me!
Welcome... death!"

#..........########.............
##...................##.........
##.........######...#............
#..##......# ##.....#...........
..####....## ##.......#.........#
### ###### ##............#######
# ##............##
#..>)..........# ## #
###....♣.........# ###. #
#..©....)........####..) ##
#########.........##.... .#
#...ooo.. ##......#.##.... .##
#...#####...#......#.##.... ..#
#....#o#..O.#......#..#.... #.##
#.#o......#o#g.....##......
#..####.##.8.8.##.#......##....>.
##.#..#© ..._.o. o#g....###......


You could see an orc wizard and an orc.

Vanquished Creatures
  Psyche (D:8)
  6 yaks (D:10)
  2 wraiths (D:10)
  Edmund (D:4)
  A warg (D:8)
  A water moccasin (D:5)
  3 ice beasts
  A black bear (D:7)
  3 centaurs (D:7)
  3 phantoms
  A bullfrog (D:8)
  An elf zombie (Ossuary)
  2 gnoll sergeants (D:7)
  3 necrophages
  4 scorpions
  2 wights (D:8)
  5 howler monkeys
  A gnoll bouda (D:7)
  A jelly (D:6)
  3 hounds
  2 orc priests
  Jessica (D:2)
  9 iguanas
  4 orc wizards
  Terence (D:2)
  A hound zombie (Ossuary)
  4 mummies (Ossuary)
  9 adders
  13 gnolls
  4 white imps
  An ufetubus (D:4)
  A worm (D:2)
  2 dart slugs
  14 orcs
  2 endoplasms
  4 giant cockroaches
  A gnoll zombie (Ossuary)
  9 goblins
  7 hobgoblins
  9 jackals
  9 kobolds
  5 quokkas
  12 ball pythons
  4 bats
  A frilled lizard (D:1)
  2 hobgoblin zombies (Ossuary)
  A jackal zombie (Ossuary)
  4 kobold zombies (Ossuary)
  An orc zombie (Ossuary)
  4 rats
  A rat zombie (Ossuary)
187 creatures vanquished.

Vanquished Creatures (collateral kills)
  An orc (D:8)
1 creature vanquished.

Vanquished Creatures (others)
  An adder (D:8)
  2 fungi (D:1)
  11 plants
14 creatures vanquished.

Grand Total: 202 creatures vanquished

Notes
Turn   | Place    | Note
-------+----------+-------------------------------------------
     0 | D:1      | Shayle the Tengu Reaver began the quest for the Orb.
     0 | D:1      | Reached XP level 1. HP: 12/12 MP: 4/4
   169 | D:1      | Reached XP level 2. HP: 16/17 MP: 6/6
   245 | D:1      | Reached skill level 1 in Stealth
   637 | D:1      | Reached XP level 3. HP: 22/22 MP: 7/7
   646 | D:1      | Found a faded altar of an unknown god.
   735 | D:2      | Reached skill level 3 in Dodging
   765 | D:2      | Noticed Terence
   775 | D:2      | Killed Terence
   776 | D:2      | Reached XP level 4. HP: 4/27 MP: 8/8
  1060 | D:2      | Noticed Jessica
  1069 | D:2      | Killed Jessica
  1460 | D:2      | Gained mutation: Your magical nature lets you fly swiftly
                  | and evasively. [Tengu growth]
  1460 | D:2      | Reached XP level 5. HP: 32/32 MP: 9/9
  2197 | D:3      | Reached skill level 4 in Dodging
  2589 | D:3      | Reached XP level 6. HP: 38/38 MP: 10/10
  2701 | D:4      | Found a staircase to the Ecumenical Temple.
  2719 | Temple   | Entered the Ecumenical Temple
  2739 | Temple   | Became a worshipper of Kikubaaqudgha
  2762 | D:4      | Found a sacrificial altar of Ru.
  2825 | D:4      | Reached skill level 1 in Shields
  3027 | D:4      | Found an opulent altar of Gozag.
  3038 | D:4      | Found a bloodstained altar of Trog.
  3069 | D:4      | Reached XP level 7. HP: 43/43 MP: 11/11
  3160 | D:4      | Reached skill level 5 in Dodging
  3217 | D:4      | Noticed Edmund
  3259 | D:4      | Killed Edmund
  3676 | D:5      | Entered Level 5 of the Dungeon
  3754 | D:5      | Reached skill level 5 in Fighting
  3754 | D:5      | Reached skill level 5 in Stealth
  3754 | D:5      | Reached XP level 8. HP: 40/49 MP: 12/12
  3803 | D:5      | Found a transporter.
  3862 | D:5      | Found a sand-covered staircase.
  3867 | Ossuary  | Entered an ossuary
  3894 | Ossuary  | Reached * piety under Kikubaaqudgha
  3894 | Ossuary  | Received a gift from Kikubaaqudgha
  3928 | Ossuary  | Learned a level 1 spell: Necrotise
  3933 | Ossuary  | Learned a level 4 spell: Animate Dead
  4241 | D:5      | Found a transporter.
  4286 | D:5      | Reached skill level 6 in Dodging
  5068 | D:5      | Reached XP level 9. HP: 45/55 MP: 13/13
  5242 | D:6      | Reached skill level 7 in Dodging
  5570 | D:7      | Found a transporter.
  5624 | D:7      | Found a transporter.
  5712 | D:7      | Reached ** piety under Kikubaaqudgha
  5818 | D:7      | Reached skill level 5 in Shields
  6033 | D:7      | You are sucked into a shaft and drop 3 floors!
  6033 | D:10     | Entered Level 10 of the Dungeon
  6034 | D:10     | Noticed a two-headed ogre
  6100 | D:10     | Found a basalt altar of Yredelemnul.
  6166 | D:10     | Reached skill level 1 in Necromancy
  6196 | D:10     | Reached skill level 8 in Dodging
  6196 | D:10     | Reached XP level 10. HP: 31/63 MP: 15/15
  6434 | D:10     | Noticed a two-headed ogre
  6485 | D:9      | Found a viscous altar of Jiyva.
  6869 | D:8      | Noticed Psyche
  6904 | D:8      | Noticed Maggie
  6932 | D:8      | Maggie changed into Maggie the adder
  6932 | D:8      | Noticed Maggie
  6932 | D:8      | Your ally Maggie died
  6934 | D:8      | Killed Psyche
  7376 | D:7      | Learned a level 7 spell: Haunt
  7472 | D:7      | HP: 3/94 [poisoned by a gnoll sergeant]
  7473 | D:7      | HP: 1/96 [poisoned by a gnoll sergeant]
  7474 | D:7      | Succumbed to a gnoll sergeant's poison

Illustrated notes

Levels and vault maps discovered:
D:1:      mrwooster_arrival_statue_2, layout_loops_ring,
          shapermc_ecumenical_altar_hornbeckon
D:2:      layout_basic, serial_forest, infiniplex_forest_corner_1,
          infiniplex_forest_straight_5, infiniplex_forest_straight_3,
          infiniplex_forest_clump_curved, infiniplex_forest_clump_long,
          uniq_terence, uniq_jessica
D:3:      minmay_chambers_of_threes, layout_loops_ring, columned_hall_lemuel,
          chequers_arboretum
D:4:      layout_gridville, nicolae_ru_great_annihilating_truth,
          mainiacjoe_overflow_big_doors, minmay_temple_entry_mini_moons,
          uniq_edmund
D:5:      gammafunk_wand_slinger, layout_rooms, enter_ossuary_2
D:6:      layout_rooms, grunt_ministairs_3, grunt_decor_one_mirror
D:7:      gammafunk_beogh_shrine, layout_cave_pods
D:8:      layout_rooms, erik_lair_orcish_takeover, kennysheep_cross_room,
          uniq_maurice, uniq_psyche, uniq_maggie
D:9:      layout_long_grid, erik_orc_4, jiyva_altar_1
D:10:     layout_loops_ring, mainiacjoe_overflow_paths
Temple:   regret_index_temple_mists

Skill      XL: |  1  2  3  4  5  6  7  8  9 10 |
---------------+-------------------------------+-----
Stealth        | 1 2 3 4 5 6 7 |  7.0
Dodging        | 3 4 5 6 8 |  8.5
Fighting       | 3 4 5 6 7 |  7.7
Shields        | 1 3 4 5 6 |  6.5
Necromancy     | 2 3 |  3.5
Spellcasting   | 3 |  3.7
Polearms       | |  3.2
Conjurations   | |  4.0
Summonings     | |  0.2

Action                   |  1- 3 |  4- 6 |  7- 9 | 10-12 || total
-------------------------+-------+-------+-------+-------++-------
Melee: Spear             |    63 |       |       |       ||    63
       Kick              |    16 |    40 |   130 |    32 ||   218
       Peck              |    14 |    19 |    76 |    18 ||   127
       Flail             |       |   136 |   352 |    88 ||   576
Evoke: Wand              |       |       |       |     7 ||     7
  Use: Scroll            |     1 |       |    11 |     5 ||    17
       Potion            |       |       |     3 |     3 ||     6
 Stab: Sleeping          |       |     2 |     8 |       ||    10
       Paralysed         |       |     1 |       |       ||     1
Armor: Leather armour    |     9 |       |       |       ||     9
       Ring mail         |     6 |    44 |   118 |    17 ||   185
       Steam dragon scal |       |       |       |     3 ||     3
       Skin              |       |       |       |     1 ||     1
Dodge: Dodged            |    34 |    77 |   203 |    29 ||   343
Block: Other             |     7 |    20 |       |       ||    27
       Reflection        |       |     2 |     1 |     1 ||     4
       Kite shield       |       |    37 |   294 |    74 ||   405

Table legend: (Time is in decaauts)
 A = Elapsed time spent in this place.
 B = Non-inter-level travel time spent in this place.
 C = Inter-level travel time spent in this place.
 D = Time resting spent in this place.
 E = Time spent auto-exploring this place.
 F = Levels seen in this place.
 G = Mean time per level.
                   A        B        C        D        E       F      G
               +--------+--------+--------+--------+--------+-----+--------+
         Total |   7391 |   7269 |    122 |    968 |   3394 |  12 |  615.9 |
       Dungeon |   7023 |   6901 |    122 |    918 |   3362 |  10 |  702.3 |
        Temple |     27 |     27 |      0 |      0 |     10 |   1 |   27.0 |
       Ossuary |    340 |    340 |      0 |     50 |     21 |   1 |  340.0 |
               +--------+--------+--------+--------+--------+-----+--------+

Top non-repeatable levels by time:
     D:2: 1142 daAuts
     D:7: 996 daAuts
     D:4: 948 daAuts
     D:5: 815 daAuts
     D:3: 767 daAuts
     D:1: 711 daAuts
     D:6: 633 daAuts
    D:10: 486 daAuts
     D:8: 459 daAuts
 Ossuary: 340 daAuts
     D:9: 62 daAuts
  Temple: 27 daAuts
